 Dungeon Crawl Stone Soup version 0.28.0-43-g3370ac3207 (webtiles) character file.

Game seed: 10414534397214294310

467 Arcadio the Shooter (level 7, -11/44 HPs)
             Began as a Kobold Hunter on Mar 3, 2022.
             Was an Initiate of Fedhas.
             Killed from afar by a deep elf zephyrmancer (16 damage)
             ... with a bolt of lightning
             ... on level 6 of the Dungeon.
             The game lasted 00:20:35 (8982 turns).

Arcadio the Shooter (Kobold Hunter)                 Turns: 8982, Time: 00:20:36

Health: -11/44     AC:  4    Str: 11    XL:     7   Next: 30%
Magic:  7/7        EV: 16    Int: 13    God:    Fedhas [......]
Gold:   205        SH:  0    Dex: 15    Spells: 6/6 levels left

rFire   . . .      SeeInvis .   b - +0 rapier
rCold   . . .      Faith    .   (no shield)
rNeg    . . .      Spirit   .   c - +0 leather armour
rPois   .          Reflect  .   n - +0 helmet
rElec   .          Harm     .   (no cloak)
rCorr   .          Rampage  .   (no gloves)
Will    .....                   (no boots)
Stlth   +++.......              (no amulet)
HPRegen 0.14/turn               (no ring)
MPRegen 0.10/turn               (no ring)

@: mighty
A: small, no large weapons, nightstalker 3
a: Renounce Religion


You were on level 6 of the Dungeon.
You worshipped Fedhas.
Fedhas was noncommittal.
You visited 2 branches of the dungeon, and saw 7 of its levels.

You collected 223 gold pieces.
You donated 18 gold pieces to Zin.

Inventory:

Hand Weapons
 a - a +1 shortbow
 b - a +0 rapier (weapon)
 g - a +0 short sword
 p - a +0 dagger of protection
Missiles
 d - 129 arrows
Armour
 c - a +0 leather armour (worn)
 n - a +0 helmet (worn)
 o - the +9 chain mail of Louxzell {Will+ Dex-3 Slay+3}
   (You found it on level 4 of the Dungeon)

   Dex:       It affects your dexterity (-3).
   Slay:      It affects your accuracy & damage with ranged weapons and melee
   (+3).
   Will:      It increases your willpower.
Jewellery
 r - a ring of protection from cold
Wands
 q - a wand of charming (5)
 u - a wand of polymorph (9)
Scrolls
 e - a scroll of teleportation
 h - 2 scrolls of amnesia
 j - 2 scrolls of enchant weapon
 l - a scroll of immolation
 m - 3 scrolls of enchant armour
 t - a scroll of summoning {unknown}
Potions
 i - a potion of curing
 k - a potion of magic
 v - 2 potions of might
 w - 2 potions of flight


   Skills:
 + Level 4.9 Fighting
 + Level 5.7 Bows
 - Level 4.8 Dodging
 + Level 3.3 Stealth


You had 6 spell levels left.
You didn't know any spells.
Your spell library was empty.

Dungeon Overview and Level Annotations

Branches:
Dungeon (6/15)             Temple (1/1) D:6

Altars:
Ashenzari
Cheibriados
Dithmenos
Elyvilon
Fedhas
Gozag
Hepliaklqana
Kikubaaqudgha
Makhleb
Nemelex Xobeh
Okawaru
Qazlal
Sif Muna
Trog
Uskayaw
Wu Jian
Xom
Yredelemnul
Zin
The Shining One

Annotations:
D:3 Grinder, Sigmund
D:5 Prince Ribbit
D:6 3 runed translucent doors


Innate Abilities, Weirdness & Mutations

You are small and have problems with some larger weapons.
You are completely attuned to the shadows.


Message History

You feel very mighty all of a sudden.
The deep elf zephyrmancer shouts!
a - a +1 shortbow (weapon)
Fire: 130 arrows
Press: ? - help, Q - select action, (/) - cycle Shift-Dir - straight line, f - deep elf zephyrmancer
Aim: a deep elf zephyrmancer, wielding a +0 dagger and wearing a +0 leather armour (54% to hit)
You shoot an arrow.
The arrow closely misses the deep elf zephyrmancer.
The deep elf zephyrmancer gestures at you while chanting.
The bolt of lightning hits you!!
Ouch! That really hurt!
* * * LOW HITPOINT WARNING * * *
b - a +0 rapier (weapon)
The deep elf zephyrmancer hits you but does no damage.
There is an open gate here.
You closely miss the deep elf zephyrmancer.
The deep elf zephyrmancer barely misses you.
The deep elf zephyrmancer points at you and mumbles some strange words.
The bolt of lightning misses you.
You hit the deep elf zephyrmancer.
The deep elf zephyrmancer is lightly wounded.
The deep elf zephyrmancer hits you but does no damage.
You closely miss the deep elf zephyrmancer.
The deep elf zephyrmancer is lightly wounded.
The deep elf zephyrmancer closely misses you.
You closely miss the deep elf zephyrmancer.
The deep elf zephyrmancer is lightly wounded.
The deep elf zephyrmancer closely misses you.
You hit the deep elf zephyrmancer.
The deep elf zephyrmancer is lightly wounded.
The deep elf zephyrmancer mumbles some strange words.
The deep elf zephyrmancer blinks!
You hit the deep elf zephyrmancer.
The deep elf zephyrmancer is lightly wounded.
The deep elf zephyrmancer hits you with a +0 dagger.
* * * LOW HITPOINT WARNING * * *
The deep elf zephyrmancer gestures at you while chanting.
The bolt of lightning hits you!
You die...
Fedhas appreciates your contribution to the ecosystem.

.###......[ ###
###...## ... #.......
### #.###### #.# #.#
....# #.# ## .####.#
....# #.# ..
......#+++######8.###.#
##
......#!.8'........##.#
.###..#(.§@e..........#
#..#P.⌠'........##.#
#..#+++######8..##.#
#..# ......##.# #..#
.....###.#
#..###########.# #.#
##..(..........###.#
###########....##.#####
...)...#.##......


You could see a deep elf zephyrmancer.

Vanquished Creatures
  A phantom (D:5)
  A water moccasin zombie (D:6)
  A hound (D:4)
  2 centaur skeletons (D:5)
  2 iguanas
  An orc wizard (D:3)
  A scorpion zombie (D:5)
  A hound skeleton (D:5)
  3 gnolls (D:2)
  3 adders
  A shadow imp (D:6)
  A white imp (D:6)
  A worm (D:4)
  7 dart slugs
  5 orcs
  3 ball pythons
  A bat (D:1)
  4 endoplasms
  A giant cockroach (D:1)
  2 goblins
  7 hobgoblins
  4 kobolds
  4 quokkas
  2 frilled lizards
  A jackal skeleton (D:4)
  5 rats
65 creatures vanquished.

Notes
Turn   | Place    | Note
-------+----------+-------------------------------------------
     0 | D:1      | Arcadio the Kobold Hunter began the quest for the Orb.
     0 | D:1      | Reached XP level 1. HP: 12/12 MP: 1/1
     9 | D:1      | Found a faded altar of an unknown god.
   134 | D:1      | Reached XP level 2. HP: 15/18 MP: 2/2
   557 | D:1      | Reached XP level 3. HP: 18/22 MP: 3/3
  1437 | D:2      | Reached XP level 4. HP: 21/28 MP: 4/4
  3100 | D:3      | Reached XP level 5. HP: 12/32 MP: 5/5
  3294 | D:3      | Noticed Grinder
  3696 | D:3      | Noticed an ogre
  4105 | D:3      | Noticed Sigmund
  4433 | D:4      | Identified the +9 chain mail of Louxzell {Will+ Dex-3
                  | Slay+3}
  5093 | D:4      | Reached skill level 5 in Bows
  5116 | D:4      | Found an ornate altar of the Wu Jian Council.
  5116 | D:4      | Found a bloodstained altar of Trog.
  5133 | D:5      | Entered Level 5 of the Dungeon
  5174 | D:5      | Reached XP level 6. HP: 37/38 MP: 6/6
  5411 | D:5      | Found a shimmering altar of Xom.
  5415 | D:5      | Noticed an angel
  5424 | D:5      | Found a glowing silver altar of Zin.
  5451 | D:5      | Became a worshipper of Zin the Law-Giver
  5451 | D:5      | Reached * piety under Zin
  6855 | D:6      | Found a staircase to the Ecumenical Temple.
  6883 | D:6      | Reached XP level 7. HP: 14/44 MP: 7/7
  7101 | D:6      | Noticed Prince Ribbit
  7538 | Temple   | Entered the Ecumenical Temple
  7659 | Temple   | Fell from the grace of Zin
  7659 | Temple   | Became a worshipper of Fedhas Madash
  8544 | D:6      | Noticed a water moccasin
  8805 | D:6      | Found a runed translucent gate.
  8805 | D:6      | Found a runed translucent gate.
  8814 | D:6      | Found a runed translucent gate.
  8971 | D:6      | Noticed a deep elf zephyrmancer
  8982 | D:6      | Killed from afar by a deep elf zephyrmancer

Illustrated notes

Levels and vault maps discovered:
D:1:      dpeg_arrival_tiny_b, layout_rooms,
          hellmonk_ecumenical_altar_pennies_from_heaven
D:2:      layout_basic
D:3:      layout_basic, uniq_grinder, uniq_crazy_yiuf_cottage, uniq_sigmund
D:4:      layout_loops_ring, gammafunk_temple_overflow_wave
D:5:      nicolae_cairo_tiling_very_big, layout_basic,
          grunt_temple_overflow_order_and_chaos_1, serial_co_window_serial,
          co_window_cross_1, co_window_paths_a, co_window_corner_a,
          co_window_of_opportunity_a, co_window_paths_a,
          co_window_of_opportunity_c, co_window_2corner, co_window_2corner,
          co_window_of_opportunity_b, co_window_of_opportunity_b,
          co_window_paths_d, co_window_sun, glass_columns_b, glass_columns_b,
          glass_columns_b, glass_columns_b, glass_columns_b
D:6:      layout_basic, minmay_temple_entry_stoned_glass, serial_rivers,
          chequers_serial_rivers_room_b, chequers_serial_rivers_room_a,
          chequers_serial_rivers_small_b, chequers_serial_rivers_marsh,
          chequers_serial_rivers_marsh, chequers_serial_rivers_micro_a,
          gammafunk_ghost_cemetery, grunt_decor_one_mirror,
          guppyfry_early_elven_hall, uniq_prince_ribbit1
Temple:   eino_temple_scatter_basement

Skill      XL: |  1  2  3  4  5  6  7 |
---------------+----------------------+-----
Dodging        | 3 4 |  4.8
Fighting       | 3 4 |  4.9
Bows           | 5 |  5.7
Stealth        | 2 3 |  3.3

Action                   |  1- 3 |  4- 6 |  7- 9 || total
-------------------------+-------+-------+-------++-------
Melee: Short sword       |    33 |       |       ||    33
       Dagger            |   109 |    81 |       ||   190
       Punch             |     1 |     6 |     2 ||     9
       Rapier            |       |   105 |    52 ||   157
 Fire: Shortbow          |       |    22 |     1 ||    23
  Use: Scroll            |       |       |    11 ||    11
       Potion            |       |       |     3 ||     3
 Stab: Sleeping          |    11 |    12 |     1 ||    24
       Distracted        |       |     1 |       ||     1
Armor: Leather armour    |    36 |    40 |     9 ||    85
Dodge: Dodged            |    90 |   148 |    47 ||   285
